 Dungeon Crawl Stone Soup version 0.28.0-47-ge53b351184 (webtiles) character file.

Game seed: 4142942394327287337

2171 101zpm the Thaumaturge (level 9, -8/55 HPs)
             Began as a Djinni Fire Elementalist on Apr 30, 2022.
             Mangled by a yak (15 damage)
             ... on level 8 of the Dungeon.
             The game lasted 00:36:38 (11432 turns).

101zpm the Thaumaturge (Djinni Fire Elementalist)  Turns: 11432, Time: 00:36:38

Health: -8/55      AC:  3    Str:  7    XL:     9   Next: 58%
Gold:   171        EV: 17    Int: 26    God:
                   SH:  0    Dex: 17

rFire   + + .      SeeInvis .   p - +5 whip of the Protecting Seeker {flame, rN+ Dex+2}
rCold   x . .      Faith    .   (no shield)
rNeg    + . .      Spirit   .   a - +0 robe
rPois   ∞          Reflect  .   (no helmet)
rElec   .          Harm     .   J - scarf {shadows}
rCorr   .          Rampage  .   j - +0 pair of gloves
Will    .....                   (boots unavailable)
Stlth   +++.......              C - amulet of the acrobat
HPRegen 0.18/turn               B - +6 ring of intelligence
MPRegen 0.00/turn               G - +4 ring of evasion

@: flying
A: sickness immunity, fire resistance 2, cold vulnerability 1, float, innate
caster, HP casting, extra vitality 1
a: no special abilities


You were on level 8 of the Dungeon.
You visited 2 branches of the dungeon, and saw 9 of its levels.
You also visited: Ossuary.

You collected 253 gold pieces.
You spent 82 gold pieces at shops.

Inventory:

Hand Weapons
 l - a +2 short sword of protection
 p - the +5 whip of the Protecting Seeker (weapon) {flame, rN+ Dex+2}
   (You took it off an orc on level 4 of the Dungeon)

   It burns those it strikes, dealing additional fire damage.
   Dex:       It affects your dexterity (+2).
   rN:        It protects you from negative energy.
Missiles
 H - a throwing net
 K - 4 javelins
Armour
 a - a +0 robe (worn)
 j - a +0 pair of gloves (worn)
 J - a scarf of shadows (worn)
Jewellery
 B - a +6 ring of intelligence (left hand)
 C - an amulet of the acrobat (around neck)
 G - a +4 ring of evasion (right hand)
Wands
 D - a wand of iceblast (2)
Scrolls
 d - a scroll of vulnerability {unknown}
 e - a scroll of amnesia {unknown}
 f - 3 scrolls of enchant armour {unknown}
 i - 2 scrolls of magic mapping
 n - a scroll of noise {unknown}
 r - 4 scrolls of fog {unknown}
 s - 3 scrolls of fear
 u - 4 scrolls of teleportation
 w - a scroll of holy word {unknown}
 x - 3 scrolls of enchant weapon {unknown}
 y - 8 scrolls of identify
 F - a scroll of silence {unknown}
Potions
 b - 5 potions of curing
 c - 3 potions of degeneration
 g - a potion of resistance {unknown}
 h - a potion of ambrosia {unknown}
 k - 4 potions of mutation
 m - a potion of berserk rage {unknown}
 o - a potion of magic {unknown}
 q - 4 potions of heal wounds {unknown}
 t - a potion of experience {unknown}
 v - 2 potions of lignification {unknown}
 z - a potion of attraction {unknown}
 A - 2 potions of brilliance {unknown}
 E - 2 potions of haste {unknown}
 I - a potion of invisibility {unknown}


   Skills:
 + Level 0.2 Fighting
 + Level 2.8 Dodging
 + Level 3.5 Stealth
 + Level 9.2 Spellcasting


You had 4 spell levels left.
You knew the following spells:

 Your Spells              Type           Power      Damage    Failure   Level
a - Foxfire               Conj/Fire      100%       2x1d9     1%          1
b - Scorch                Fire           100%       2d10      1%          2
c - Conjure Flame         Conj/Fire      56%        6-21      1%          3
d - Inner Flame           Hex/Fire       56%        N/A       1%          3
e - Flame Wave            Conj/Fire      56%        2d11      1%          4
f - Apportation           Tloc           100%       N/A       1%          1
g - Static Discharge      Conj/Air       56%        N/A       1%          2
h - Ozocubu's Armour      Ice            56%        N/A       1%          3
i - Spider Form           Tmut/Pois      56%        N/A       1%          3
Your spell library was empty.

Dungeon Overview and Level Annotations

Branches:
Dungeon (8/15)             Temple (1/1) D:4         Ossuary (visited)
   Lair: D:8-11

Altars:
Ashenzari
Cheibriados
Dithmenos
Elyvilon
Fedhas
Gozag
Hepliaklqana
Kikubaaqudgha
Makhleb
Nemelex Xobeh
Ru
Trog
Vehumet
Wu Jian
Yredelemnul
Zin
The Shining One

Shops:
D:2 [   D:5 ?

Annotations:
D:8 Erica


Innate Abilities, Weirdness & Mutations

You are immune to sickness and miasma.
You are immune to poison.
Your flesh is very heat resistant. (rF++)
You are vulnerable to cold. (rC-)
You float through the air rather than walking.
You learn spells naturally, not from books.
Your magical power is your life essence.
You have superior vitality. (+4 MHP)


Message History

The killer bee closely misses you. The killer bee misses you.
The killer bee stings you but does no damage.
The yak completely misses you.
Casting: Flame Wave (dangerous; 1% risk of failure)
Confirm with . or Enter, or press ? or * to list all spells.
Restarting spell: Flame Wave (dangerous; 1% risk of failure)
Press: ? - help, Dir - look around, f - activate A wave of flame ripples out!
The flame wave engulfs the killer bee!
You kill the killer bee!
The flame wave engulfs the killer bee!
You kill the killer bee!
The flame wave engulfs the yak!!
The yak is heavily wounded.
The flame wave engulfs the yak!
The yak is heavily wounded. (Press . to intensify the flame waves.)
* * * LOW HITPOINT WARNING * * *
The yak misses you.
Erica mumbles some strange words.
Erica flickers and vanishes!
Deactivating autopickup; reactivate with Ctrl-A.
A yak comes into view.
The yak barely misses you.
Casting: Flame Wave (dangerous; 1% risk of failure)
Confirm with . or Enter, or press ? or * to list all spells.
Restarting spell: Flame Wave (dangerous; 1% risk of failure)
Press: ? - help, Dir - look around, f - activate A wave of flame ripples out!
The flame wave engulfs the howler monkey!
The howler monkey is severely wounded.
The flame wave engulfs the yak!
The yak is almost dead.
The flame wave engulfs the yak!
The yak is severely wounded. (Press . to intensify the flame waves.)
The yak bellows!
* * * LOW HITPOINT WARNING * * *
The howler monkey hoots and howls with incredible vigour!
The yak gores you!
You die...

.......y...
..........#.#
...(...#..#..
./.......... .
....y.....##..
..............
.....
......$.Z...#.
.....
.......@Y.....
##.....
......hYY...#.
...y...
............#
y..>...
..............
.......
..?.......{##.
<......
.............
.)?....
.....>.##.Y...
....... ......
..... .......


You could see 4 yaks, a howler monkey (catching breath), a killer bee and a
killer bee zombie.

Vanquished Creatures
  A water moccasin (D:7)
  A black bear (D:6)
  A kobold brigand (D:6)
  7 scorpions
  A water moccasin skeleton (D:4)
  9 killer bees
  4 wights (D:6)
  2 howler monkeys
  4 jellies
  A bullfrog zombie (D:6)
  An orc priest (D:4)
  2 centaur zombies
  A hound (D:6)
  3 iguanas
  3 scorpion zombies (Ossuary)
  3 orc wizards
  4 mummies
  A howler monkey zombie (D:6)
  8 adders
  3 gnolls (D:7)
  3 worms
  5 dart slugs
  10 orcs
  7 bats
  12 endoplasms
  2 giant cockroaches
  8 goblins
  9 hobgoblins
  3 jackals (D:1)
  16 kobolds
  5 quokkas
  5 ball pythons
  5 frilled lizards
  2 gnoll zombies (Ossuary)
  3 goblin zombies (Ossuary)
  2 kobold zombies (Ossuary)
  3 orc zombies (Ossuary)
  5 rats
165 creatures vanquished.

Vanquished Creatures (collateral kills)
  4 foxfires (D:1)
4 creatures vanquished.

Vanquished Creatures (others)
  859 foxfires
  3 fungi (D:4)
  5 plants (D:1)
  9 toadstools (D:4)
876 creatures vanquished.

Grand Total: 1045 creatures vanquished

Notes
Turn   | Place    | Note
-------+----------+-------------------------------------------
     0 | D:1      | 101zpm the Djinni Fire Elementalist began the quest for the
                  | Orb.
     0 | D:1      | Reached XP level 1. HP: 15/15 MP: 0/0
    20 | D:2      | Reached XP level 2. HP: 11/21 MP: 0/0
   180 | D:2      | Reached skill level 3 in Spellcasting
   201 | D:2      | Reached XP level 3. HP: 9/25 MP: 0/0
   201 | D:2      | Learned a level 1 spell: Apportation
   860 | D:3      | Found a bloodstained altar of Trog.
  1528 | D:3      | Reached XP level 4. HP: 26/31 MP: 0/0
  1649 | D:3      | Found a glowing silver altar of Zin.
  2210 | D:4      | Reached skill level 4 in Spellcasting
  2210 | D:4      | Reached XP level 5. HP: 7/35 MP: 0/0
  2210 | D:4      | Learned a level 2 spell: Static Discharge
  2547 | D:4      | HP: 1/35 [spore (5)]
  2548 | D:4      | Reached XP level 6. HP: 2/40 MP: 0/0
  2991 | D:4      | Identified the +5 whip of the Protecting Seeker {flame, rN+
                  | Dex+2}
  3090 | D:4      | HP: 2/40 [kobold/bolt (5)]
  3092 | D:5      | Entered Level 5 of the Dungeon
  3533 | D:5      | Reached skill level 5 in Spellcasting
  3609 | D:5      | Reached XP level 7. HP: 33/45 MP: 0/0
  3609 | D:5      | Learned a level 3 spell: Ozocubu's Armour
  3806 | D:5      | Found Ahuatolu's Magic Scroll Boutique.
  3809 | D:5      | Bought a scroll of identify for 22 gold pieces
  3809 | D:5      | Bought a scroll of identify for 22 gold pieces
  3809 | D:5      | Bought a scroll of magic mapping for 38 gold pieces
  4319 | D:4      | Found a staircase to the Ecumenical Temple.
  4770 | Temple   | Entered the Ecumenical Temple
  5095 | D:7      | Reached skill level 6 in Spellcasting
  5113 | D:7      | Noticed a water moccasin
  5116 | D:7      | Killed a water moccasin
  5234 | D:7      | Reached XP level 8. HP: 38/50 MP: 0/0
  5262 | D:7      | Found a sand-covered staircase.
  5273 | Ossuary  | Entered an ossuary
  5741 | Ossuary  | Reached skill level 7 in Spellcasting
  7281 | D:6      | Reached XP level 9. HP: 36/55 MP: 0/0
  7281 | D:6      | Learned a level 3 spell: Spider Form
  7579 | D:6      | Reached skill level 8 in Spellcasting
  8471 | D:2      | Found a faded altar of an unknown god.
  8728 | D:2      | Found Foza's Antique Armour Shoppe.
 11098 | D:7      | Reached skill level 9 in Spellcasting
 11429 | D:8      | Noticed Erica
 11432 | D:8      | Mangled by a yak

Illustrated notes

Levels and vault maps discovered:
D:1:      lemuel_arrival_lava_pool, layout_loops_ring, serial_bayou_ford_a
D:2:      layout_basic, hellmonk_ecumenical_altar_pennies_from_heaven,
          serial_shops, shop
D:3:      layout_loops_cross, bloody_trog, zin_scriptorium
D:4:      cheibrodos_fertilizer, layout_cave_pools, temple_statues
D:5:      layout_cave_pools, serial_shops, kennysheep_mini
D:6:      layout_loops_cross
D:7:      layout_layer_cave, gup_ossuary_entry_pyramid
D:8:      layout_rooms, nicolae_overflow_hidden_temple,
          gammafunk_ghost_spectres, nicolae_shop_self_help, uniq_erica
Temple:   nicolae_temple_no_exploring_needed

Skill      XL: |  1  2  3  4  5  6  7  8  9 |
---------------+----------------------------+-----
Spellcasting   | 3 4 5 6 7 9 |  9.2
Stealth        | 2 3 |  3.5
Fighting       | |  0.2
Dodging        | |  2.8

Action                   |  1- 3 |  4- 6 |  7- 9 || total
-------------------------+-------+-------+-------++-------
 Cast: Foxfire           |    64 |   108 |   355 ||   527
       Inner Flame       |     2 |    17 |    42 ||    61
       Scorch            |     1 |     5 |    12 ||    18
       Ozocubu's Armour  |       |       |     4 ||     4
       Conjure Flame     |       |       |     7 ||     7
       Flame Wave        |       |       |     6 ||     6
  Use: Scroll            |       |       |     6 ||     6
Armor: Robe              |       |     2 |    11 ||    13
Dodge: Dodged            |     4 |     9 |    40 ||    53
